 Dungeon Crawl Stone Soup version 0.28-a0-969-g2dcde036d2 (webtiles) character file.

Game seed: 13652927122734196889

669588 Lavandula the Spry (level 26, -1/144 HPs)
             Began as a Vine Stalker Brigand on Nov 29, 2021.
             Was the Champion of Dithmenos.
             Killed from afar by a blizzard demon (7 damage)
             ... with a bolt of cold
             ... in the Vestibule of Hell on Dec 1, 2021.
             The game lasted 05:44:03 (56715 turns).

Lavandula the Spry (Vine Stalker Brigand)          Turns: 56715, Time: 05:44:04

Health: -1/144     AC: 20    Str: 18      XL:     26   Next: 43%
Magic:  0/46       EV: 28    Int: 15 (16) God:    Dithmenos [******]
Gold:   1811       SH:  9    Dex: 25 (27) Spells: 2/51 levels left

rFire   + + +      SeeInvis +   j - +12 dagger of the Devouring Shrike {vorpal, +Blink Str+2}
rCold   + . .      Faith    .   E - +3 buckler {rN+}
rNeg    + + .      Spirit   +   n - +4 moon troll leather armour {Spirit, Regen++ MP+5}
rPois   +          Reflect  .   B - +2 hat
rElec   +          Harm     .   z - +2 cloak {rCorr}
rCorr   +          Rampage  .   C - +2 pair of gloves {Dex+3}
Will    +++..      Rnd*Tele +   G - +1 pair of boots "Zatiokku" {+Inv Str+2} Stlth ***+++++++
                                p - amulet "Xiluelin" {RegenMP rN+ Stlth+}
HPRegen 2.74/turn               R - ring "Hurad" {rF+ SInv}
MPRegen 0.70/turn               K - ring of Ru's Favour {rPois rF+ rCorr}

@: resistant, attractive, hasted, wreathed by umbra, studying 2 skills, very
quick
A: fangs 3, regeneration 1, magic shield, antimagic bite, no potion heal 2,
antennae 1, agile 1, deterioration 1, sense surroundings 1, poison resistance,
teleportitis 1
}: 8/15 runes: barnacled, slimy, silver, demonic, glowing, magical, fiery, dark
a: Renounce Religion, Evoke Blink, Evoke Invisibility, Shadow Step, Shadow Form


You were in the Vestibule of Hell.
You worshipped Dithmenos.
Dithmenos was exalted by your worship.
You visited 11 branches of the dungeon, and saw 47 of its levels.
You visited Pandemonium 1 time, and saw 14 of its levels.
You also visited: Sewer, Gauntlet and Volcano.

You collected 6230 gold pieces.
You spent 4419 gold pieces at shops.

Inventory:

Hand Weapons
 j - the +12 dagger of the Devouring Shrike (weapon) {vorpal, +Blink Str+2}
   (You acquired it on level 6 of the Lair of Beasts)

   It inflicts extra damage upon your enemies.
   Str:       It affects your strength (+2).
   +Blink:    It lets you blink.
 y - the +7 rapier of Useun Xave {elec, rN+++ Str+3 Int+2 Dex-2}
   (You took it off a frost giant on level 5 of the Vaults)

   It occasionally discharges a powerful burst of electricity upon striking a
   foe.
   Str:       It affects your strength (+3).
   Int:       It affects your intelligence (+2).
   Dex:       It affects your dexterity (-2).
   rN:        It renders you almost immune to negative energy.
 O - the +8 lance "Wyrmbane" {slay drac, rPois rF+ rC+ AC+3}
   (You took it off a deep elf death mage on level 3 of the Elven Halls)

   It inflicts extra damage against dragons and draconians.
   AC:        It affects your AC (+3).
   rF:        It protects you from fire.
   rC:        It protects you from cold.
   rPois:     It protects you from poison.
 P - the +3 war axe of the Several Villages {flame, rC+ rN+ rCorr SInv}
   (You took it off a yaktaur captain on level 5 of the Vaults)

   It burns those it strikes, dealing additional fire damage.
   Big, fiery blades are also staple armaments of hydra-hunters.
   rC:        It protects you from cold.
   rN:        It protects you from negative energy.
   SInv:      It lets you see invisible.
   rCorr:     It protects you from acid and corrosion.
 Y - a +9 quick blade of flaming
Missiles
 e - 12 curare-tipped darts (quivered)
 X - 10 throwing nets
Armour
 m - a +3 buckler of protection
 n - the +4 moon troll leather armour (worn) {Spirit, Regen++ MP+5}
   (You bought it in a shop on level 3 of the Vaults)

   MP:        It affects your magic capacity (+5).
   Regen:     It increases your rate of health regeneration.
 z - a +2 cloak of preservation (worn)
 B - a +2 hat (worn)
 C - a +2 pair of gloves of dexterity (worn)
 E - a +3 buckler of positive energy (worn)
 G - the +1 pair of boots "Zatiokku" (worn) {+Inv Str+2}
   (You bought it in a shop on level 2 of the Orcish Mines)

   Str:       It affects your strength (+2).
   +Inv:      It lets you turn invisible.
Jewellery
 b - an amulet of regeneration
 d - a ring of protection from cold
 p - the amulet "Xiluelin" (around neck) {RegenMP rN+ Stlth+}
   (You found it in a Gauntlet)

   [amulet of magic regeneration]

   It increases your rate of magic regeneration.
   rN:        It protects you from negative energy.
   Stlth:     It makes you more stealthy.
 q - the ring of the Mage {Wiz Will++ Int+3}
   (You bought it in a shop on level 1 of the Vaults)

   [ring of wizardry]

   It improves your spell success rate.
   Int:       It affects your intelligence (+3).
   Will:      It greatly increases your willpower.
 A - the ring of Kikubaaqudgha's Hatred {rElec Will+ Int+9}
   (You bought it in a shop on level 1 of the Vaults)

   [ring of willpower]

   Int:       It affects your intelligence (+9).
   rElec:     It insulates you from electricity.
   Will:      It increases your willpower.
 K - the ring of Ru's Favour (right hand) {rPois rF+ rCorr}
   (You found it on level 4 of the Shoals)

   [ring of resist corrosion]

   rF:        It protects you from fire.
   rPois:     It protects you from poison.
   rCorr:     It protects you from acid and corrosion.
 R - the ring "Hurad" (left hand) {rF+ SInv}
   (You bought it in a shop on level 2 of the Orcish Mines)

   [ring of see invisible]

   rF:        It protects you from fire.
   SInv:      It lets you see invisible.
Wands
 l - a wand of acid (19)
 F - a wand of digging (5)
 H - a wand of iceblast (41)
 Q - a wand of paralysis (19)
Scrolls
 c - 5 scrolls of magic mapping
 f - 7 scrolls of fog
 k - 9 scrolls of teleportation
 r - 3 scrolls of blinking
 x - 6 scrolls of fear
 D - a scroll of immolation
 I - a scroll of holy word
Potions
 g - 6 potions of berserk rage
 h - 4 potions of flight
 i - 3 potions of might
 o - 4 potions of brilliance
 s - 4 potions of attraction
 u - 3 potions of haste
 v - 10 potions of curing
 w - 5 potions of ambrosia
 J - 4 potions of mutation
 L - 8 potions of lignification
 M - 3 potions of invisibility
 S - 2 potions of magic
 T - a potion of cancellation
 U - 3 potions of resistance
Miscellaneous
 a - a condenser vane (inert)
 t - a phantom mirror (inert)
 N - a lightning rod (4/4)
 V - a piece from Xom's chessboard (14/15)
 W - a box of beasts (inert)
 Z - a tin of tremorstones (1/2)


   Skills:
 - Level 16.9 Fighting
 - Level 10.5 Short Blades
 - Level 5.6 Throwing
 - Level 8.8 Armour
 - Level 17.4 Dodging
 - Level 15.4 Stealth
 - Level 4.0 Shields
 - Level 13.3 Spellcasting
 - Level 6.9 Conjurations
 - Level 14.1 Hexes
 + Level 17.1 Summonings
 - Level 13.8 Translocations
 - Level 5.5 Fire Magic
 - Level 4.1 Ice Magic
 - Level 5.8 Air Magic
 - Level 11.4 Invocations
 - Level 9.0 Evocations


You had 2 spell levels left.
You knew the following spells:

 Your Spells              Type           Power      Damage    Failure   Level
a - Inner Flame           Hex/Fire       39%        N/A       1%          3
b - Malign Gateway        Summ/Tloc      27%        N/A       12%         7
c - Passage of Golubria   Tloc           51%        N/A       1%          4
d - Animate Armour        Summ/Erth      70%        N/A       2%          4
e - Frozen Ramparts       Ice            44%        1d6       4%          3
f - Ozocubu's Armour      Ice            22%        N/A       4%          3
g - Apportation           Tloc           100%       N/A       1%          1
h - Airstrike             Air            13%        N/A       7%          4
i - Blink                 Tloc           100%       N/A       1%          2
j - Summon Cactus Giant   Summ           28%        N/A       1%          6
k - Monstrous Menagerie   Summ           28%        N/A       6%          7
l - Summon Mana Viper     Hex/Summ       54%        N/A       1%          5

Your spell library contained the following spells:

 Spells                   Type           Power      Damage    Failure   Level
 Summon Small Mammal      Summ           100%       N/A       0%          1
 Call Imp                 Summ           57%        N/A       0%          2
 Foxfire                  Conj/Fire      100%       2x1d9     1%          1
 Freeze                   Ice            88%        1d10      1%          1
 Magic Dart               Conj           100%       1d8       1%          1
 Shock                    Conj/Air       100%       1d9       1%          1
 Slow                     Hex            100%       N/A       1%          1
 Ensorcelled Hibernation  Hex/Ice        74%        N/A       1%          2
 Searing Ray              Conj           60%        2d6       1%          2
 Static Discharge         Conj/Air       29%        N/A       1%          2
 Corpse Rot               Necr/Air       36%        N/A       3%          2
 Animate Skeleton         Necr           20%        N/A       8%          1
 Pain                     Necr           40%        1d6       8%          1
 Sandblast                Erth           20%        2d7       8%          1
 Passwall                 Tmut/Erth      8%         N/A       12%         2
 Sublimation of Blood     Necr           10%        N/A       12%         2
 Call Canine Familiar     Summ           57%        N/A       1%          3
 Confusing Touch          Hex            51%        N/A       1%          3
 Conjure Flame            Conj/Fire      28%        6-21      1%          3
 Dazzling Flash           Conj/Hex       82%        N/A       1%          3
 Gell's Gravitas          Tloc           51%        N/A       1%          3
 Lesser Beckoning         Tloc           51%        N/A       1%          3
 Portal Projectile        Hex/Tloc       100%       N/A       1%          3
 Summon Guardian Golem    Hex/Summ       54%        N/A       1%          3
 Teleport Other           Tloc           51%        N/A       1%          3
 Tukima's Dance           Hex            51%        N/A       1%          3
 Fulminant Prism          Conj/Hex       20%        3d13      1%          4
 Summon Ice Beast         Ice/Summ       41%        N/A       1%          4
 Summon Lightning Spire   Summ/Air       44%        N/A       1%          4
 Manifold Assault         Tloc           51%        N/A       1%          5
 Summon Forest            Summ/Tloc      27%        N/A       1%          5
 Swiftness                Air            27%        N/A       2%          3
 Silence                  Hex/Air        20%        N/A       3%          5
 Mephitic Cloud           Conj/Pois/Air  22%        N/A       4%          3
 Leda's Liquefaction      Hex/Erth       15%        N/A       4%          4
 Dispersal                Tloc           25%        N/A       4%          6
 Stone Arrow              Conj/Erth      40%        3d9       6%          3
 Flame Wave               Conj/Fire      28%        2d6       6%          4
 Sticky Flame             Conj/Fire      28%        2d5       6%          4
 Hailstorm                Conj/Ice       26%        3d7       9%          4
 Ignite Poison            Fire/Tmut/Pois 15%        N/A       11%         3
 Yara's Violent Unravell  Hex/Tmut       15%        3d8       12%         5
 Iskenderun's Battlesphe  Conj           30%        2d8       13%         5
 Lightning Bolt           Conj/Air       14%        1d28      16%         5
 Fireball                 Conj/Fire      14%        3d8       17%         5
 Freezing Cloud           Conj/Ice/Air   13%        6-21      22%         5
 Vampiric Draining        Necr           10%        2d6       24%         3
 Ice Form                 Ice/Tmut       16%        N/A       32%         4
 Animate Dead             Necr           5%         N/A       61%         4
 Dispel Undead            Necr           10%        3d9       61%         4
 Conjure Ball Lightning   Conj/Air       14%        3x3d6     65%         6
 Haunt                    Necr/Summ      17%        N/A       90%         7
 Agony                    Necr           10%        N/A       91%         5
 Excruciating Wounds      Necr           5%         N/A       91%         5
 Orb of Destruction       Conj           15%        9d7       98%         7
 Death Channel            Necr           5%         N/A       100%        6
 Ozocubu's Refrigeration  Ice            11%        4d7       100%        7
 Storm Form               Tmut/Air       9%         N/A       100%        7
 Borgnjor's Revivificati  Necr           5%         N/A       100%        8
 Infestation              Necr           5%         N/A       100%        8
 Lehudib's Crystal Spear  Conj/Erth      10%        10d4      100%        8
 Necromutation            Tmut/Necr      5%         N/A       100%        8
 Death's Door             Necr           5%         N/A       100%        9


Dungeon Overview and Level Annotations

Branches:
Dungeon (15/15)            Temple (1/1) D:6            Lair (6/6) D:11
 Shoals (4/4) Lair:4       Spider (1/4) Lair:4        Slime (5/5) Lair:5
    Orc (2/2) D:11            Elf (3/3) Orc:2        Vaults (5/5) D:14
  Crypt (0/3) Vaults:2     Depths (4/4) D:15           Hell (1/1)
    Zot (0/5) Depths:4      Sewer (visited)         Volcano (visited)
Gauntlet (visited)
    Dis: Hell:1         Geh: Hell:1         Coc: Hell:1         Tar: Hell:1

Altars:
Ashenzari
Cheibriados
Dithmenos
Elyvilon
Fedhas
Gozag
Hepliaklqana
Kikubaaqudgha
Makhleb
Nemelex Xobeh
Okawaru
Qazlal
Ru
Sif Muna
Trog
Uskayaw
Vehumet
Wu Jian
Xom
Yredelemnul
Zin
The Shining One
Beogh
Jiyva
Lugonu

Shops:
Orc:2 =[(?   Shoals:3 *   Vaults:1 =   Vaults:3 *   Depths:1 [[

Portals:
Hell: Depths:1 Depths:2 Depths:3 Depths:4
Abyss: Lair:6 Depths:3
Pandemonium: Depths:2 Depths:3
Ziggurat: Depths:3

Annotations:
D:10 1 runed translucent door, PirateVox's ghost, journeyman DjWr
Lair:4 exclusion: downstairs
Shoals:1 Kirke
Shoals:3 1 exclusion
Spider:1 exclusion: upstairs
Slime:5 1 exclusion
Vaults:4 6 runed translucent doors
Depths:1 1 runed translucent door
Hell Geryon


Innate Abilities, Weirdness & Mutations

You have razor-sharp teeth.
Your natural rate of healing is unusually fast.
When hurt, damage is shared between your health and your magic reserves.
Your bite disrupts and absorbs the magic of your enemies.
Potions cannot restore your health.
You have a pair of small antennae on your head.
You are agile. (Dex +2)
Your body sometimes deteriorates upon taking damage.
You passively map a small area around you.
Your system is resistant to poisons. (rPois)
You are occasionally teleported next to monsters.


Message History

The reaper is engulfed in freezing vapours.
The reaper hits you from afar with a +2 scythe of protection!!
* * * LOW HITPOINT WARNING * * *
The reaper is attracted toward you.
Unknown command.
Unknown command.
Unknown command.
Magic courses through your body.
You are engulfed in blazing flames.
You resist. The hell beast misses you. The hell beast barely misses you.
The bunyip zombie is lost in a daze.
Something hits your eldritch tentacle!
The stone giant skeleton is engulfed in freezing vapours.
Geryon is engulfed in freezing vapours.
Geryon barely misses you.
Geryon is engulfed in freezing vapours.
Geryon winds a great silver horn.
You block the blizzard demon's attack.
The blizzard demon hits you but does no damage.
The titan skeleton is engulfed in freezing vapours.
The titan skeleton is lost in a daze.
The molten gargoyle closely misses you.
The phantasmal warrior is engulfed in freezing vapours.
The phantasmal warrior gestures at you.
The phantasmal warrior blinks!
Your hell beast bites the titan skeleton.
Your hell beast tramples the titan skeleton!
The titan skeleton holds its ground!
The reaper is attracted toward you.
You are engulfed in blazing flames.
You resist.
* * * LOW HITPOINT WARNING * * *
The hell beast bites you!
* * * LOW HITPOINT WARNING * * *
The hell beast completely misses you. The reaper barely misses you.
The reaper is engulfed in freezing vapours.
Something hits your eldritch tentacle.
Your eldritch tentacle seems to be corroded for longer.
The reaper hits you with a +3 antimagic scythe!
* * * LOW HITPOINT WARNING * * *
You feel your power leaking away.
The blizzard demon is engulfed in freezing vapours.
The blizzard demon gestures at you.
The bolt of cold hits the blizzard demon!
The blizzard demon resists.
The bolt of cold hits you! You resist.
You die...

, .. , ....... ,
§......... .......2.. ,
...........#...........
, , ,....☼§§
..#.#...2..p... §...§.§
§#☼∩.#...p....§
.....2°.§§#.#.........≈
....§22#3{§#...#.....≈§
, *
....WV#9#2W§..#.#...≈≈≈
* #2@2#...#.∩.# ,
....22#2#ZZ§..#.#...≈≈≈,
*
......22&{§#...#.....§§
.......ZZ&#.#.. ....s..
.......2.#.∩.#. .^.....
..........#2#.. ......2
,
...........#...,.......
, , .......w...,...
...... ....... ... .. ,
,


You could see Geryon (dazed, corroded, ally target), 3 hell beasts, 3 reapers, a
green death, a vampire knight (fast), 3 blizzard demons, a soul eater, a
phantasmal warrior, a freezing wraith, a molten gargoyle, a spriggan defender
simulacrum (corroded), a bunyip zombie (dazed), a stone giant skeleton (dazed),
a titan skeleton (dazed), the friendly Geryon (summoned, dazed, drained), a
friendly eldritch tentacle (corroded) and 2 friendly hell beasts.

Vanquished Creatures
  the Royal Jelly (Slime:5)
  A dread lich (Vaults:5)
  An ancient lich (Vaults:5)
  Mara (Depths:1)
  Mennas (Depths:4)
  A pandemonium lord (Pan)
  Bai Suzhen (Vaults:2)
  Sojobo (Depths:2)
  Margery (Depths:3)
  The ghost of tensugalgo the Earth Mage, a veteran OgNe of Hepliaklqana (Vaults:4)
  3 golden dragons (Depths:4)
  Nikola (Vaults:3)
  A tentacled monstrosity (Pan)
  Rupert (D:15)
  5 deep elf blademasters
  A deep elf master archer (Elf:3)
  6 Executioners (Pan)
  3 titans (Vaults:5)
  Gastronok (Lair:3)
  8 acid blobs
  Polyphemus (Shoals:4)
  7 sphinxes
  4 storm dragons
  9 tengu reavers
  A shadow dragon (Vaults:5)
  7 azure jellies
  A revenant (Vaults:2)
  4 fire giants
  4 rockslimes
  An azure jelly (shapeshifter) (Vaults:3)
  A demonspawn warmonger (Pan)
  15 vault wardens
  6 deep elf sorcerers
  4 balrugs
  2 frost giants (Vaults:5)
  An iron dragon (Depths:4)
  5 cacodemons (Pan)
  2 orc warlords
  A draconian scorcher (Depths:4)
  A spriggan defender (Depths:4)
  8 very ugly things
  3 reapers
  5 draconian annihilators
  2 curse skulls (Pan)
  A demonspawn blood saint (Pan)
  17 ironbound preservers
  3 deep elf elementalists
  13 stone giants
  4 quicksilver oozes (Slime:5)
  3 demonspawn corrupters (Pan)
  4 deep elf demonologists
  3 green draconians (Depths:4)
  2 demonspawn black suns (Pan)
  3 vampire knights
  6 deep elf annihilators
  5 dire elephants
  4 entropy weavers
  A purple draconian (Depths:4)
  A minotaur (Gauntlet)
  10 spark wasps
  3 merfolk javelineers
  6 ettins
  A blizzard demon (Pan)
  An eidolon (Vaults:2)
  4 deep elf death magi
  A green death (Pan)
  6 fire dragons
  7 merfolk impalers
  9 yaktaur captains
  4 deep elf high priests
  5 rakshasas
  6 great orbs of eyes
  7 ironbound thunderhulks
  Fannar (Lair:3)
  3 spriggan air magi
  24 vault guards
  6 ice dragons
  Erolcha (D:10)
  2 peacekeepers
  A catoblepas (Shoals:4)
  3 merfolk avatars
  A boulder beetle (D:12)
  9 hydras
  2 ogre magi
  5 merfolk aquamancers
  6 two-headed ogres
  6 ironbound frosthearts
  Harold (Lair:1)
  11 centaur warriors
  2 death knights (D:14)
  12 dancing weapons
  2 deep troll earth magi
  2 alligator snapping turtles (Shoals:4)
  A deep troll shaman (Depths:1)
  4 satyrs
  2 death yaks
  4 hell hogs (Hell)
  2 thrashing horrors (Lair:6)
  7 tengu warriors
  4 orc high priests
  Urug (D:10)
  12 deep elf knights
  A spriggan berserker (Depths:2)
  15 hell knights
  13 soul eaters (Pan)
  A fire crab (Gauntlet)
  19 sun demons
  6 shadow wraiths (Pan)
  Sonja (Lair:3)
  A skeletal warrior (Vaults:2)
  7 sixfirhies
  A tengu zombie (Depths:2)
  3 glowing orange brains
  7 deep elf archers
  11 sea snakes
  A quicksilver dragon simulacrum (Vaults:4)
  12 lindwurms
  A shadow demon (Pan)
  14 orc knights
  A glowing orange brain (shapeshifter) (D:15)
  14 ironbound convokers
  45 deep trolls
  10 wizards
  Pikel (D:8)
  24 harpies
  30 deep elf pyromancers
  A spectral merfolk (Shoals:1)
  6 necromancers
  2 phantasmal warriors (Vaults:5)
  2 shining eyes
  33 ugly things
  18 deep elf zephyrmancers
  A cyclops (shapeshifter) (Elf:1)
  A salamander (shapeshifter) (D:14)
  24 fauns
  6 cyclopes
  5 orc sorcerers
  2 frost giant skeletons (Depths:1)
  42 slime creatures
  17 manticores
  10 merfolk sirens
  2 elephants (Lair:6)
  A draconian skeleton (Pan)
  20 smoke demons
  A guardian serpent (shapeshifter) (Elf:1)
  16 vault sentinels
  4 black mambas
  A guardian serpent (D:11)
  2 rust devils
  An eye of devastation (Slime:5)
  5 orange demons
  2 spriggan skeletons
  6 water nymphs
  2 gargoyles
  12 cane toads
  5 komodo dragons
  2 rime drakes
  18 yaktaurs
  19 nameless horrors
  7 demonic crawlers
  An unseen horror (D:11)
  3 freezing wraiths (D:13)
  2 ice devils
  2 kobold demonologists (D:12)
  8 hellwings
  A tengu conjurer (D:14)
  3 efreet
  3 tormentors (Pan)
  A red devil (Depths:3)
  22 merfolk
  An ancient zyme (Lair:6)
  5 trolls
  A jumping spider (shapeshifter) (D:14)
  A harpy zombie (Hell)
  3 hornets
  5 wind drakes
  Grinder (D:3)
  A tengu simulacrum (Vaults:4)
  A polar bear (Lair:4)
  23 blink frogs
  A harpy skeleton (Pan)
  A wind drake (shapeshifter) (D:13)
  8 dream sheep
  10 snapping turtles
  4 flying skulls (D:10)
  A stone giant simulacrum (Vaults:4)
  2 air elementals (Elf:3)
  14 water elementals
  3 spriggans
  3 ynoxinuls (Pan)
  4 shadows (D:10)
  11 wraiths
  32 yaks
  A centaur simulacrum (D:15)
  6 redbacks
  A wyvern (D:9)
  4 fire elementals
  11 large abominations (Pan)
  7 fire bats
  2 hogs (Shoals:1)
  5 chaos spawn
  7 basilisks
  A basilisk (shapeshifter) (Lair:6)
  5 steam dragons
  5 neqoxecs (Pan)
  Menkaure (D:4)
  4 vampire mosquitoes (D:15)
  8 wargs
  10 water moccasins
  2 acid dragons
  A hell hound (Volcano)
  A floating eye (shapeshifter) (Vaults:5)
  49 orc warriors
  A floating eye (Slime:4)
  2 ice beasts
  4 sky beasts
  6 small abominations (Lair:6)
  A necrophage (D:4)
  A black bear (D:6)
  A fire dragon simulacrum (Hell)
  8 ogres
  A spriggan simulacrum (Depths:1)
  A boggart (D:14)
  A tengu (shapeshifter) (Vaults:5)
  4 lemures (D:8)
  13 centaurs
  8 wolves
  A wind drake simulacrum (Shoals:1)
  A phantom (D:6)
  6 kobold brigands
  A water nymph simulacrum (Shoals:1)
  9 bullfrogs
  2 earth elementals (Elf:3)
  A wyvern zombie (D:8)
  3 gnoll sergeants
  3 scorpions
  A water moccasin zombie (D:7)
  2 water moccasin skeletons
  3 killer bees (D:10)
  3 howler monkeys
  An electric eel (D:14)
  A crimson imp (Pan)
  A bullfrog zombie (D:6)
  13 centaur zombies
  2 hounds
  2 bullfrog skeletons (D:6)
  4 jellies
  6 centaur skeletons
  31 orc priests
  2 iguanas (D:6)
  37 orc wizards
  15 hell rats
  A killer bee zombie (D:8)
  A hound skeleton (D:4)
  2 howler monkey zombies (D:10)
  7 gnolls
  3 howler monkey skeletons
  15 river rats (Lair:1)
  6 adders
  A shadow imp (D:7)
  3 white imps (D:6)
  An ufetubus (D:6)
  2 worms
  A worm (shapeshifter) (Vaults:5)
  107 orcs
  7 bats
  3 endoplasms
  3 giant cockroaches
  10 goblins
  2 hobgoblins
  7 jackals
  17 kobolds
  10 quokkas
  9 ball pythons
  7 frilled lizards
  20 rats
1708 creatures vanquished.

Vanquished Creatures (collateral kills)
  Boris (twice) (Vaults:3 Vaults:4)
  Frederick (Depths:4)
  Saint Roka (Depths:4)
  A Brimstone Fiend (Pan)
  A tentacled monstrosity (Vaults:5)
  A lich (Vaults:1)
  A deep elf blademaster (Depths:3)
  2 titans (Vaults:5)
  15 acid blobs
  8 Executioners (Pan)
  A walking divine tome (Depths:2)
  3 sphinxes
  2 eldritch tentacles
  A deep elf master archer (Elf:3)
  A tengu reaver (Vaults:5)
  A storm dragon (Depths:4)
  Agnes (Elf:2)
  2 shadow dragons
  4 rockslimes
  3 azure jellies
  7 vault wardens
  A demonspawn warmonger (Pan)
  2 fire giants
  2 frost giants
  3 deep elf sorcerers
  12 balrugs (Pan)
  An orc warlord (Elf:3)
  2 cacodemons (Pan)
  6 ironbound preservers
  A reaper (Pan)
  3 stone giants (Vaults:5)
  2 demonspawn blood saints (Pan)
  2 war gargoyles
  9 very ugly things
  A quicksilver ooze (Slime:4)
  2 demonspawn black suns (Pan)
  A vampire knight (Depths:2)
  A deep elf demonologist (Elf:3)
  2 deep elf annihilators (Elf:3)
  6 dire elephants
  2 black draconians (Depths:4)
  A lorocyproca (Pan)
  2 spark wasps
  2 ettins (Depths:3)
  A merfolk impaler (Shoals:3)
  A green death (Pan)
  A blizzard demon (Pan)
  3 deep elf death magi
  4 yaktaur captains (Vaults:5)
  2 great orbs of eyes
  A peacekeeper (Vaults:3)
  3 rakshasas
  9 vault guards
  3 ice dragons
  A boulder beetle (Vaults:2)
  4 hydras
  A hell beast (Depths:4)
  2 ironbound frosthearts
  An alligator snapping turtle (Shoals:3)
  The ghost of john333 the Convoker, a journeyman TeSu of Gozag (Shoals:1)
  4 centaur warriors
  A deep troll shaman (Depths:1)
  A tengu warrior (Depths:3)
  13 dancing weapons
  A hell hog (Depths:4)
  2 deep troll earth magi
  2 spriggan berserkers
  3 soul eaters (Pan)
  3 hell knights
  18 sun demons (Pan)
  4 deep elf knights (Elf:2)
  6 sixfirhies
  4 glowing orange brains
  A shadow wraith (Pan)
  A sea snake (Shoals:2)
  A shadow demon (Pan)
  23 deep trolls
  5 ironbound convokers
  2 lindwurms (Vaults:1)
  16 large abominations
  7 deep elf zephyrmancers
  5 orc knights
  2 wizards
  2 deep elf archers
  3 deep elf pyromancers
  4 phantasmal warriors (Vaults:5)
  6 fauns
  3 harpies
  9 ugly things
  6 shining eyes
  A merfolk siren (Shoals:2)
  A manticore (Shoals:3)
  A spectral alligator snapping turtle (Shoals:1)
  A black mamba (Lair:5)
  A black mamba (shapeshifter) (Vaults:5)
  A guardian serpent (shapeshifter) (Depths:2)
  An elephant (Lair:6)
  3 vault sentinels
  A titan simulacrum (Depths:1)
  8 orange demons
  A water nymph (Shoals:3)
  16 smoke demons (Pan)
  6 cane toads
  5 yaktaurs
  A tengu conjurer (D:15)
  A freezing wraith (Vaults:5)
  7 hellwings
  6 tormentors (Pan)
  3 demonic crawlers (Pan)
  2 merfolk
  4 red devils (Pan)
  2 ancient zymes (Lair:6)
  2 polar bears
  27 slime creatures
  A spectral manticore (Shoals:1)
  A snapping turtle (Shoals:4)
  2 blink frogs
  6 dream sheep (Lair:6)
  An air elemental (Elf:2)
  5 yaks
  A ynoxinul (Pan)
  A water elemental (Shoals:3)
  A hog (shapeshifter) (Vaults:5)
  3 chaos spawn
  11 neqoxecs (Pan)
  2 wargs (Orc:2)
  A swamp worm (shapeshifter) (Slime:4)
  4 water moccasins
  6 orc warriors
  An ogre (Elf:2)
  4 wolves
  A spectral cyclops (Shoals:1)
  3 small abominations (Lair:6)
  A manticore simulacrum (Shoals:1)
  A snapping turtle simulacrum (Shoals:1)
  A crimson imp (Pan)
  3 orc priests
  An orc wizard (Vaults:5)
  4 nameless horrors
  6 orcs
  2 endoplasms (Lair:5)
497 creatures vanquished.

Vanquished Creatures (others)
  A titan (Depths:4)
  85 eldritch tentacles
  A deep elf demonologist (Elf:3)
  A sun demon (Hell)
  A spriggan berserker (Depths:4)
  A soul eater (Pan)
  A sixfirhy (Pan)
  A glowing orange brain (Pan)
  3 smoke demons (Pan)
  2 freezing wraiths
  2 orc warriors
  An orc priest (Depths:4)
  An orc wizard (D:13)
  A gnoll (D:8)
  22 fungi
  116 plants
240 creatures vanquished.

Grand Total: 2445 creatures vanquished

Notes
Turn   | Place    | Note
-------+----------+-------------------------------------------
     0 | D:1      | Lavandula the Vine Stalker Brigand began the quest for the
                  | Orb.
     0 | D:1      | Reached XP level 1. HP: 11/11 MP: 2/2
   112 | D:1      | Reached XP level 2. HP: 14/15 MP: 3/3
   922 | D:1      | Reached XP level 3. HP: 18/18 MP: 4/4
  1166 | D:2      | Found a faded altar of an unknown god.
  1852 | D:2      | Gained mutation: Your natural rate of healing is unusually
                  | fast. [Vine Stalker growth]
  1852 | D:2      | Reached XP level 4. HP: 23/23 MP: 5/5
  2142 | D:3      | Noticed Grinder
  2753 | D:4      | Found a white marble altar of Elyvilon.
  2754 | D:4      | Found a snail-covered altar of Cheibriados.
  2757 | D:4      | Found an iron altar of Okawaru.
  2856 | D:4      | Reached XP level 5. HP: 25/26 MP: 6/6
  2922 | D:4      | Noticed Menkaure
  2981 | D:4      | Reached skill level 5 in Short Blades
  3171 | D:4      | Found a burning altar of Makhleb.
  3172 | D:4      | Noticed a necrophage
  3238 | D:4      | Killed a necrophage
  3239 | D:4      | Reached XP level 6. HP: 28/30 MP: 5/7
  3466 | D:4      | Killed Menkaure
  3467 | D:4      | Reached XP level 7. HP: 15/34 MP: 3/8
  3516 | D:4      | Found a bloodstained altar of Trog.
  3518 | D:4      | Found a sparkling altar of Nemelex Xobeh.
  3518 | D:4      | Found a blossoming altar of Fedhas.
  3519 | D:4      | Found a basalt altar of Yredelemnul.
  3519 | D:4      | Found a hazy altar of Hepliaklqana.
  3520 | D:4      | Found a shimmering altar of Xom.
  3523 | D:4      | Found a stormy altar of Qazlal.
  3525 | D:4      | Found a shimmering blue altar of Sif Muna.
  3703 | D:5      | Entered Level 5 of the Dungeon
  4100 | D:5      | Found a glowing drain.
  4115 | Sewer    | Entered a sewer
  4185 | Sewer    | Gained mutation: You have razor-sharp teeth. [Vine Stalker
                  | growth]
  4185 | Sewer    | Reached XP level 8. HP: 12/38 MP: 5/9
  4979 | D:6      | Found a staircase to the Ecumenical Temple.
  4998 | Temple   | Entered the Ecumenical Temple
  5055 | Temple   | Became a worshipper of Dithmenos the Shadowed
  5468 | D:6      | Learned a level 3 spell: Inner Flame
  5510 | D:6      | Learned a level 2 spell: Searing Ray
  5520 | D:6      | Noticed a deep elf zephyrmancer
  5523 | D:6      | Killed a deep elf zephyrmancer
  5524 | D:6      | Reached skill level 10 in Short Blades
  5524 | D:6      | Reached XP level 9. HP: 42/42 MP: 10/10
  5688 | D:6      | Learned a level 4 spell: Flame Wave
  5745 | D:6      | Reached skill level 1 in Conjurations
  5927 | D:6      | Reached skill level 1 in Shields
  6500 | D:7      | Reached * piety under Dithmenos
  6722 | D:7      | Identified the +7 halberd of Ruckaach {vorpal, rF+ rN+
                  | Int+2}
  6776 | D:7      | Reached skill level 1 in Hexes
  7016 | D:7      | Reached XP level 10. HP: 50/50 MP: 14/14
  7032 | D:7      | Reached skill level 1 in Fire Magic
  7146 | D:7      | Noticed a two-headed ogre
  7178 | D:7      | Killed a two-headed ogre
  7179 | D:7      | Reached skill level 5 in Fire Magic
  7201 | D:7      | Noticed a gargoyle
  7532 | D:3      | Killed Grinder
  8210 | D:7      | Reached ** piety under Dithmenos
  8370 | D:8      | Reached skill level 5 in Conjurations
  8380 | D:8      | Noticed a three-headed hydra
  8450 | D:8      | Killed a three-headed hydra
  8536 | D:8      | Reached XP level 11. HP: 53/53 MP: 15/15
  9000 | D:8      | Noticed Pikel
  9042 | D:8      | Killed Pikel
  9260 | D:9      | Reached skill level 5 in Spellcasting
  9276 | D:9      | Reached *** piety under Dithmenos
  9774 | D:9      | Noticed a two-headed ogre
  9780 | D:9      | Killed a two-headed ogre
  9925 | D:9      | Found a glowing silver altar of Zin.
 10004 | D:10     | Entered Level 10 of the Dungeon
 10004 | D:10     | Noticed Erolcha
 10007 | D:10     | Killed Erolcha
 10078 | D:10     | Found a runed translucent door.
 10079 | D:10     | Noticed PirateVox's ghost (journeyman DjWr)
 10079 | D:10     | Noticed Urug
 10085 | D:10     | Killed Urug
 10255 | D:10     | Reached skill level 5 in Invocations
 10374 | D:10     | Reached skill level 5 in Stealth
 10667 | D:10     | Reached XP level 12. HP: 58/58 MP: 22/22
 10781 | D:10     | Reached skill level 10 in Stealth
 11237 | D:11     | Learned a level 4 spell: Animate Armour
 11515 | D:11     | Reached skill level 5 in Fighting
 11588 | D:11     | Reached **** piety under Dithmenos
 11645 | D:11     | Reached skill level 1 in Dodging
 11702 | D:11     | Found a staircase to the Lair.
 11915 | D:11     | Found a staircase to the Orcish Mines.
 11943 | D:11     | You fall into a shaft and drop 2 floors!
 12000 | D:13     | Noticed a centaur warrior
 12024 | D:13     | Killed a centaur warrior
 12073 | D:12     | Found a gate leading to a gauntlet.
 12079 | Gauntlet | Entered a Gauntlet
 12079 | Gauntlet | Found a transporter.
 12083 | Gauntlet | Noticed an entropy weaver
 12098 | Gauntlet | Found a transporter.
 12110 | Gauntlet | Found a transporter.
 12114 | Gauntlet | Found a transporter.
 12125 | Gauntlet | Noticed a wretched star
 12126 | Gauntlet | Found a transporter.
 12145 | Gauntlet | Found a transporter.
 12149 | Gauntlet | Found a transporter.
 12153 | Gauntlet | Found a transporter.
 12178 | Gauntlet | Found a transporter.
 12181 | Gauntlet | Found a transporter.
 12185 | Gauntlet | Found a transporter.
 12186 | Gauntlet | Noticed a great orb of eyes
 12218 | Gauntlet | Noticed a two-headed ogre
 12218 | Gauntlet | a water nymph changed into a two-headed ogre
 12221 | Gauntlet | Found a transporter.
 12221 | Gauntlet | a two-headed ogre changed into a swamp dragon
 12251 | Gauntlet | Identified the amulet "Xiluelin" {RegenMP rN+ Stlth+}
 12272 | Gauntlet | Identified the ring "Itwy" {Ice Str+2 Int-4 Dex+3}
 12370 | Gauntlet | Identified the +4 shortbow "Fyunte Ymifu" {venom, rC+ Will-
                  | Str+4}
 12370 | Gauntlet | Noticed a minotaur
 12646 | Gauntlet | Killed a minotaur
 12659 | Gauntlet | Gained mutation: You passively map a small area around you.
                  | [potion of mutation]
 12659 | Gauntlet | Gained mutation: You have a pair of small antennae on your
                  | head. [potion of mutation]
 12659 | Gauntlet | Gained mutation: You have an increased reservoir of magic.
                  | (+10% MP) [potion of mutation]
 13048 | D:12     | Noticed a boulder beetle
 13064 | D:12     | Killed a boulder beetle
 13065 | D:12     | Reached skill level 5 in Summonings
 13147 | D:12     | Noticed a soul eater
 13328 | D:12     | Reached skill level 1 in Armour
 13456 | D:12     | Reached XP level 13. HP: 61/62 MP: 26/26
 13805 | Lair:1   | Entered Level 1 of the Lair of Beasts
 13820 | Lair:1   | Noticed Harold
 13885 | Lair:1   | Killed Harold
 14325 | Lair:1   | Reached skill level 5 in Dodging
 14503 | Lair:1   | Reached ***** piety under Dithmenos
 15069 | Lair:2   | Learned a level 3 spell: Frozen Ramparts
 15073 | Lair:2   | Learned a level 3 spell: Ozocubu's Armour
 15135 | Lair:2   | Reached skill level 1 in Ice Magic
 15809 | Lair:3   | Learned a level 2 spell: Ensorcelled Hibernation
 15865 | Lair:3   | Noticed Sonja
 15888 | Lair:3   | Killed Sonja
 16255 | Lair:3   | Noticed Fannar
 16262 | Lair:3   | Killed Fannar
 16323 | Lair:3   | Noticed Gastronok
 16334 | Lair:3   | Killed Gastronok
 16624 | Lair:4   | Found a hole to the Spider Nest.
 16628 | Lair:4   | Found the +8 longbow "Zephyr" {speed, Dex+3 SInv}
 16776 | Lair:4   | Reached XP level 14. HP: 35/73 MP: 22/27
 16873 | Lair:4   | Found a staircase to the Shoals.
 17297 | Lair:5   | Reached skill level 1 in Evocations
 17517 | Lair:5   | Found a staircase to the Slime Pits.
 17568 | Lair:5   | Learned a level 4 spell: Airstrike
 17630 | Lair:5   | Reached skill level 1 in Air Magic
 18034 | Lair:6   | Entered Level 6 of the Lair of Beasts
 18110 | Lair:6   | Found a dark tunnel.
 18115 | Volcano  | Entered a volcano
 18345 | Lair:6   | Reached skill level 5 in Air Magic
 18445 | Lair:6   | Identified a scroll of acquirement
 18446 | Lair:6   | Acquired the +12 dagger of the Devouring Shrike {vorpal,
                  | +Blink Str+2}
 18531 | Lair:6   | Reached skill level 5 in Evocations
 19152 | Lair:6   | Reached XP level 15. HP: 51/78 MP: 11/28
 19376 | Lair:6   | Found a corrupted altar of Lugonu.
 19376 | Lair:6   | Found a one-way gate to the infinite horrors of the Abyss.
 19968 | Orc:1    | Entered Level 1 of the Orcish Mines
 20065 | Orc:2    | Entered Level 2 of the Orcish Mines
 20070 | Orc:2    | Found a staircase to the Elven Halls.
 20476 | Orc:2    | Reached skill level 10 in Fighting
 20792 | Orc:2    | Reached ****** piety under Dithmenos
 21038 | Orc:2    | Noticed an orc warlord
 21070 | Orc:2    | Killed an orc warlord
 21145 | Orc:2    | Found Ixzackex's Antique Armour Emporium.
 21156 | Orc:2    | Found Qaudus's Antique Weapon Shoppe.
 21175 | Orc:2    | Bought a pair of distressingly furry boots for 218 gold
                  | pieces
 21175 | Orc:2    | Identified the +1 pair of boots "Zatiokku" {+Inv Str+2}
                  | (You bought it in a shop on level 2 of the Orcish Mines)
 21312 | Orc:2    | Found Kiwain's Magic Scroll Boutique.
 21341 | Orc:2    | Bought a scroll of teleportation for 45 gold pieces
 21772 | Orc:2    | Found Fydaeliex's Jewellery Shoppe.
 21864 | Orc:2    | Bought a bloodstained kite shield for 218 gold pieces
 21864 | Orc:2    | Identified the -9 kite shield of the Big Bang {Harm *Slow
                  | Fly rElec} (You bought it in a shop on level 2 of the
                  | Orcish Mines)
 21926 | Orc:2    | Bought the ring "Hurad" {rF+ SInv} for 406 gold pieces
 21987 | Orc:2    | Bought a sheer robe for 131 gold pieces
 21987 | Orc:2    | Identified the +5 robe of the Ecumenical Temple {Str+2}
                  | (You bought it in a shop on level 2 of the Orcish Mines)
 22032 | Orc:2    | Bought a scroll of amnesia for 52 gold pieces
 22169 | Shoals:1 | Entered Level 1 of the Shoals
 22208 | Spider:1 | Entered Level 1 of the Spider Nest
 22667 | Shoals:1 | Found a runed translucent gate.
 22667 | Shoals:1 | Found a runed translucent gate.
 22667 | Shoals:1 | Found a runed translucent gate.
 22667 | Shoals:1 | Noticed john333's ghost (journeyman TeSu)
 22670 | Shoals:1 | Noticed Kirke
 22678 | Shoals:1 | Acquired a +4 quick blade
 22679 | Shoals:1 | Acquired the amulet "Zitwuhomas" {Reflect rCorr Str+6 SH+5}
 23551 | Shoals:1 | Reached XP level 16. HP: 67/88 MP: 29/29
 23944 | Shoals:3 | Learned a level 1 spell: Apportation
 23986 | Shoals:3 | Reached skill level 10 in Dodging
 23990 | Shoals:3 | Found Wilok's Assorted Antiques.
 24581 | Shoals:4 | Entered Level 4 of the Shoals
 24640 | Shoals:4 | Noticed Polyphemus
 24643 | Shoals:4 | Killed Polyphemus
 25051 | Shoals:4 | Identified the ring of Ru's Favour {rPois rF+ rCorr}
 25422 | Shoals:4 | Reached XP level 17. HP: 84/93 MP: 27/30
 25584 | Shoals:4 | Got a barnacled rune of Zot
 25668 | Shoals:3 | Learned a level 6 spell: Summon Cactus Giant
 25857 | D:13     | Found the +11 plutonium sword {Contam Stlth-}
 27249 | D:14     | Found a gate to the Vaults.
 27509 | D:15     | Entered Level 15 of the Dungeon
 27529 | D:15     | Noticed Rupert
 27729 | D:15     | Killed Rupert
 27730 | D:15     | Reached skill level 10 in Summonings
 27811 | D:15     | Found a staircase to the Depths.
 28372 | Vaults:1 | Entered Level 1 of the Vaults
 28576 | Vaults:1 | Reached XP level 18. HP: 98/98 MP: 5/34
 29219 | Vaults:1 | Reached skill level 10 in Spellcasting
 29263 | Vaults:1 | Found Mung's Jewellery Shop.
 29300 | Vaults:1 | Bought the ring of Kikubaaqudgha's Hatred {rElec Will+
                  | Int+9} for 1100 gold pieces
 29410 | Vaults:1 | Noticed a lich
 29679 | Vaults:1 | Learned a level 7 spell: Monstrous Menagerie
 29682 | Vaults:1 | Killed a lich
 30101 | Vaults:2 | Reached skill level 5 in Hexes
 30237 | Vaults:2 | Reached XP level 19. HP: 102/102 MP: 40/40
 30338 | Vaults:2 | Noticed Bai Suzhen
 30559 | Vaults:2 | Killed Bai Suzhen
 31377 | Vaults:2 | Found a staircase to the Crypt.
 31381 | Vaults:2 | Reached skill level 10 in Hexes
 31988 | Vaults:3 | Noticed Nikola
 31996 | Vaults:3 | Killed Nikola
 32194 | Vaults:3 | Learned a level 5 spell: Summon Mana Viper
 32586 | Vaults:3 | Reached skill level 5 in Throwing
 32759 | Vaults:3 | Found Jemmutah's General Store.
 32802 | Vaults:3 | Noticed Boris
 32821 | Vaults:3 | Killed Boris
 33210 | Vaults:3 | Reached XP level 20. HP: 107/107 MP: 41/41
 33916 | Vaults:4 | Noticed Boris
 33959 | Vaults:4 | Killed Boris
 34209 | Vaults:4 | Found a large runed translucent door.
 34209 | Vaults:4 | Found a large runed translucent door.
 34209 | Vaults:4 | Found a large runed translucent door.
 34209 | Vaults:4 | Found a large runed translucent door.
 34209 | Vaults:4 | Found a large runed translucent door.
 34209 | Vaults:4 | Found a large runed translucent door.
 34209 | Vaults:4 | Found a large runed translucent door.
 34209 | Vaults:4 | Found a large runed translucent door.
 34209 | Vaults:4 | Noticed tensugalgo's ghost (veteran OgNe)
 35179 | Vaults:4 | Identified the +6 glaive of Greed {elec, rPois}
 35309 | Vaults:4 | Killed tensugalgo's ghost
 35909 | Depths:1 | Entered Level 1 of the Depths
 35943 | Depths:1 | Found a gateway to Hell.
 36114 | Depths:1 | Found Mego's Antique Armour Boutique.
 36343 | Elf:1    | Entered Level 1 of the Elven Halls
 36375 | Elf:1    | Upgraded the game from 0.28-a0-941-g140ffa10cf to
                  | 0.28-a0-948-gee6e0bcda6
 36480 | Elf:1    | Reached XP level 21. HP: 96/113 MP: 27/42
 36700 | Elf:1    | Got the Reference Book on Supportive Dark Rituals
 36998 | Vaults:3 | Bought the +4 moon troll leather armour {Spirit, Regen++
                  | MP+5} for 1035 gold pieces
 36998 | Vaults:3 | Found the +4 moon troll leather armour {Spirit, Regen++
                  | MP+5}
 37599 | Elf:1    | Reached skill level 10 in Invocations
 37857 | Elf:2    | Noticed Agnes
 37863 | Elf:2    | Killed Agnes
 37972 | Elf:2    | Found a runed translucent gate.
 37972 | Elf:2    | Found a runed translucent gate.
 37972 | Elf:2    | Found a runed translucent gate.
 38728 | Elf:2    | Reached skill level 5 in Armour
 39125 | Elf:3    | Entered Level 3 of the Elven Halls
 39677 | Elf:3    | Paralysed by an air elemental for 1 turns
 40272 | Elf:3    | Reached XP level 22. HP: 118/118 MP: 4/43
 40452 | Elf:3    | Identified the +0 robe of the Swan {+Inv Int-5 Dex+3
                  | Archmagi}
 40524 | Elf:3    | Identified the +7 hand axe "Huim" {vorpal, *Slow rC+ rCorr}
 40642 | Elf:3    | Identified the +1 demon trident of Wyrd {speed, rF+}
 40647 | Elf:3    | Identified the +4 dagger "Orb Guardian's Bane" {speed, rN+}
 40683 | Elf:3    | Got the Reference Book on the Spatial Glacier
 40786 | Elf:3    | Identified the +2 ring mail of the Bulwark {rF- Str+7}
 41330 | Depths:1 | Bought a runed buckler for 180 gold pieces
 41339 | Depths:1 | Found Viyty Needo's Antique Armour Boutique.
 41687 | Depths:1 | You fall into a shaft and drop 1 floor!
 41703 | Depths:2 | You fall into a shaft and drop 1 floor!
 41724 | Depths:3 | Reached skill level 15 in Fighting
 41739 | Depths:3 | Noticed Margery
 41772 | Depths:3 | Killed Margery
 41871 | Depths:3 | Identified the +10 ring mail of the Beekeeper {Regen+
                  | Dex+2}
 42531 | Depths:2 | Noticed Sojobo
 42536 | Depths:2 | Killed Sojobo
 42564 | Depths:2 | Found a one-way gate leading to the halls of Pandemonium.
 43501 | Depths:2 | Found an ancient bone altar of Kikubaaqudgha.
 43900 | Vaults:1 | Bought the ring of the Mage {Wiz Will++ Int+3} for 982 gold
                  | pieces
 43900 | Vaults:1 | Found the ring of the Mage {Wiz Will++ Int+3}
 44090 | Orc:2    | Learned a level 7 spell: Malign Gateway
 44175 | Elf:1    | Learned a level 4 spell: Passage of Golubria
 44607 | Depths:3 | Found a gateway to a ziggurat.
 44679 | Depths:3 | Reached skill level 1 in Translocations
 44806 | Depths:4 | Entered Level 4 of the Depths
 44910 | Depths:4 | Noticed Mennas
 45004 | Depths:4 | Reached XP level 23. HP: 57/129 MP: 11/45
 45133 | Depths:4 | Noticed a golden dragon
 45137 | Depths:4 | Killed a golden dragon
 45138 | Depths:4 | Reached skill level 5 in Translocations
 45295 | Depths:4 | Killed Mennas
 45548 | Depths:4 | Noticed Frederick
 45638 | Depths:4 | Killed Frederick
 45653 | Depths:4 | Upgraded the game from 0.28-a0-948-gee6e0bcda6 to
                  | 0.28-a0-969-g2dcde036d2
 45704 | Depths:4 | Noticed a golden dragon
 45706 | Depths:4 | Killed a golden dragon
 45945 | Depths:4 | Found a gate to the Realm of Zot.
 46028 | Depths:4 | Noticed a golden dragon
 46028 | Depths:4 | Noticed Saint Roka
 46053 | Depths:4 | Killed Saint Roka
 46088 | Depths:4 | Killed a golden dragon
 47162 | Slime:1  | Entered Level 1 of the Pits of Slime
 47162 | Slime:1  | You fall into a shaft and drop 1 floor!
 47202 | Slime:2  | Reached skill level 10 in Translocations
 47223 | Slime:2  | Gained mutation: Your body sometimes deteriorates upon
                  | taking damage. [a shining eye]
 47616 | Slime:5  | Entered Level 5 of the Pits of Slime
 47861 | Slime:5  | Noticed the Royal Jelly
 48062 | Orc:2    | Bought a scroll of immolation for 52 gold pieces
 48573 | Slime:5  | Found a viscous altar of Jiyva.
 48592 | Slime:5  | Found the +9 staff of Olgreb {rPois∞}
 48874 | Slime:5  | Reached XP level 24. HP: 135/135 MP: 45/45
 48934 | Slime:5  | Killed the Royal Jelly
 49156 | Slime:5  | Identified the +9 great sword of the Elven Halls {flame,
                  | *Rage Will++}
 49217 | Slime:5  | Got a slimy rune of Zot
 49540 | Shoals:1 | Killed john333's ghost
 49825 | Vaults:5 | Entered Level 5 of the Vaults
 49888 | Vaults:5 | Noticed a dread lich
 49906 | Vaults:5 | Killed a dread lich
 50468 | Vaults:5 | Identified the +2 chain mail of the Endless Expanse {rPois
                  | Regen+ Dex-3}
 50497 | Vaults:5 | Reached skill level 15 in Stealth
 50790 | Vaults:5 | Identified the +3 war axe of the Several Villages {flame,
                  | rC+ rN+ rCorr SInv}
 50907 | Vaults:5 | Got a silver rune of Zot
 50944 | Vaults:5 | Identified the +7 rapier of Useun Xave {elec, rN+++ Str+3
                  | Int+2 Dex-2}
 51055 | Vaults:5 | Identified the +1 robe "Jorghib" {Rampage rPois rF+ Str+3}
 51069 | Vaults:5 | Noticed an ancient lich
 51083 | Vaults:5 | Killed an ancient lich
 51308 | Vaults:5 | Found the +3 giant club "Skullcrusher" {speed, Str+7}
 51331 | Vaults:5 | Identified the +1 robe "Peopsu" {*Slow rF+++ rC- Str+9}
 51733 | Pan      | Entered Pandemonium
 51776 | Pan      | Noticed Jeqaf the pandemonium lord
 51851 | Pan      | Reached XP level 25. HP: 108/140 MP: 18/45
 51978 | Pan      | Entered the realm of Lom Lobon.
 52202 | Pan      | Noticed Lom Lobon
 52414 | Pan      | Got a magical rune of Zot
 52609 | Pan      | Identified the +5 scale mail "Puloc" {+Inv rF- rC+++ Str-4}
 53007 | Pan      | Reached skill level 15 in Dodging
 53201 | Pan      | Noticed Detwam the pandemonium lord
 53725 | Pan      | Killed Detwam the pandemonium lord
 53816 | Pan      | Got a demonic rune of Zot
 53961 | Pan      | Entered the realm of Mnoleg.
 54120 | Pan      | Noticed Mnoleg
 54124 | Pan      | Gained mutation: You are occasionally teleported next to
                  | monsters. [a neqoxec]
 54157 | Pan      | Lost mutation: You have an increased reservoir of magic.
                  | (+10% MP) [a cacodemon]
 54257 | Pan      | Gained mutation: Your system is resistant to poisons.
                  | (rPois) [a cacodemon]
 54314 | Pan      | Got a glowing rune of Zot
 54324 | Pan      | Gained mutation: You are agile. (Dex +2) [a cacodemon]
 54467 | Pan      | Entered the realm of Cerebov.
 54631 | Pan      | Found the +6 sword of Cerebov {flame}
 54631 | Pan      | Noticed Cerebov
 54724 | Pan      | Got a fiery rune of Zot
 54833 | Pan      | Identified the ring "Joqaklir" {rC+ Stlth+}
 54931 | Pan      | Got Guveboke's Tome of the Ghastly Rocks
 54957 | Pan      | Identified the +3 leather armour of Summer {Int+5}
 54958 | Pan      | Identified the +0 leather armour "Faclicki" {rF++}
 55161 | Pan      | Noticed Lom Lobon
 55215 | Pan      | Entered the realm of Gloorx Vloq.
 55260 | Pan      | Identified the +1 leather armour of Trial and Error {rElec
                  | rCorr Dex-4}
 55296 | Pan      | Reached XP level 26. HP: 142/144 MP: 41/41
 55422 | Pan      | Reached skill level 15 in Summonings
 55579 | Pan      | Noticed Gloorx Vloq
 55585 | Pan      | Got a dark rune of Zot
 56261 | Pan      | Noticed Mnoleg
 56296 | Pan      | Found a transporter.
 56315 | Depths:2 | Escaped Pandemonium
 56369 | Depths:1 | Noticed Mara
 56370 | Depths:1 | Killed Mara
 56513 | Depths:1 | Found a runed translucent door.
 56570 | Hell     | Entered the Vestibule of Hell
 56571 | Hell     | Noticed Geryon
 56640 | Depths:1 | Learned a level 2 spell: Blink
 56715 | Hell     | HP: 6/144 [reaper (6)]
 56715 | Hell     | Killed from afar by a blizzard demon

Illustrated notes

Levels and vault maps discovered:
D:1:      minmay_arrival_radiant_lines, layout_loops_corners
D:2:      layout_basic, nicolae_ecumenical_lake_church
D:3:      layout_basic, minmay_hedge_maze, uniq_grinder
D:4:      layout_cave_pods, makhleb_blood_cavern_becter, minitemple,
          uniq_menkaure
D:5:      layout_loops_ring, serial_rivers, chequers_serial_rivers_micro_b,
          chequers_serial_rivers_small_3, chequers_serial_rivers_room_a,
          chequers_serial_rivers_micro_a, chequers_serial_rivers_small_a,
          gup_sewer_entry_bowl, bh_walls_and_bars
D:6:      minmay_bubble_buster, layout_cave_pods,
          minmay_temple_entry_statues_pillars, guppyfry_early_elven_hall
D:7:      minmay_slanted_spiral_squares, layout_basic
D:8:      layout_cave_pods, hangedman_ranch, uniq_pikel
D:9:      layout_stronghold, zin_scriptorium
D:10:     hangedman_screamer, layout_irregular_city, gammafunk_ghost_grave,
          uniq_erolcha, uniq_urug
D:11:     layout_gridville, lair_entry_dummy, hiddenorc1_lemuel,
          nrook_guardian_serpent_ordinary
D:12:     layout_roguey, gauntlet_entry_generic
D:13:     layout_basic
D:14:     layout_cave_pools, david_vaults_5, serial_bayou_ford_a
D:15:     gammafunk_enter_depths_forms, layout_long_grid, minivault_25,
          uniq_rupert
Temple:   kb_temple_of_zot
Lair:1:   lemuel_ratsnest, layout_hall_layers, uniq_harold
Lair:2:   layout_regular_city
Lair:3:   layout_regular_city, minmay_holes, uniq_sonja, uniq_fannar,
          uniq_gastronok
Lair:4:   layout_hall_layers, shoals_dummy_entry, dummy_spider_entry
Lair:5:   layout_loops_ring, nicolae_slime_entry_slimehenge
Lair:6:   hellmonk_lair_end_abyssal_woods, layout_small_grid, enter_volcano_4,
          grunt_megastairs_2
Shoals:1: layout_shoals, gammafunk_ghost_necromancy, uniq_kirke
Shoals:2: layout_shoals
Shoals:3: layout_shoals, serial_shops, shop
Shoals:4: shoals_end_simple, layout_shoals, uniq_polyphemus
Spider:1: layout_spider_delve, nicolae_spider_bzzzt
Slime:1:  layout_caves
Slime:2:  layout_caves
Slime:3:  layout_caves
Slime:4:  layout_caves
Slime:5
Orc:1:    layout_diamond_mine, basic_altar, uniq_maurice, uniq_erica
Orc:2:    grunt_orc_community_town_hall, layout_caves,
          grunt_orc_community_big_house_2, grunt_orc_community_big_house_1,
          grunt_orc_community_house_1, grunt_orc_community_house_2,
          grunt_orc_community_house_3, grunt_orc_community_house_2,
          grunt_orc_community_house_3, mines5_lemuel
Elf:1:    layout_loops_ring, hangedman_elf_represent, lemuel_flame_loot_1
Elf:2:    elven_hall_of_blades_hangedman_original
          [nicolae_blade_entry_floor_patterns], layout_loops_cross, uniq_agnes
Elf:3:    elf_hall, layout_loops_corners, special_room [special_room_orc]
Vaults:1: v_rooms_3, v_misc_4, v_alt_pattern_6, nicolae_vaults_network_square,
          v_pattern_1, ontoclasm_vaults_decontamination, v_misc_4,
          nicolae_vaults_specimen_jars, v_misc_17, st_cells,
          ontoclasm_vaults_bender, layout_vaults_maze_bifur, serial_shops, shop
Vaults:2: v_misc_27, nicolae_vaults_disjoint_gnomons,
          minmay_crypt_entry_simple_plaza, vaults_dpeg_doors, v_alt_pattern_6,
          vaults_dpeg_hooks, v_misc_32, ontoclasm_vaults_ligature,
          hangedman_vaults_restitches, special_room_vaults [special_room_orc],
          ontoclasm_vaults_loading_screen, layout_vaults_big_cross,
          uniq_bai_suzhen
Vaults:3: vaults_room_fancy_cross, nicolae_vaults_bisected_slash,
          hangedman_vaults_corner_blocks, ontoclasm_vaults_ring_large,
          nicolae_vaults_halls_meeting, vaults_room_hallway,
          ontoclasm_vaults_fault, grunt_vaults_twisty, ontoclasm_vaults_gateway,
          nicolae_vaults_angled_halls, hangedman_vaults_trim,
          vaults_mumra_chevron, vaults_dpeg_ring, vaults_dpeg_diagonal,
          hangedman_vaults_trim, vaults_room_semicircle, layout_vaults_ring,
          serial_shops, shop, uniq_boris, uniq_nikola
Vaults:4: advil_vaults_ghost_lines, nicolae_vaults_minivaults,
          dpeg_vaults_monster_box, ontoclasm_vaults_spin,
          ontoclasm_vaults_pinch, nicolae_vaults_little_squares_1, v_misc_30,
          nicolae_vaults_asterisk, grunt_vaults_diagonal,
          vaults_dpeg_encased_lava, layout_vaults_omnigrid
Vaults:5: serial_shops
Depths:1: layout_twisted_cross, kennysheep_minor_cross, hell_entry,
          serial_shops, nicolae_shop_statue_plus, nicolae_shop_stone,
          minmay_acid_items, serial_bayou_shore_a, uniq_mara
Depths:2: minmay_mutant_horseshoe, layout_gridlike, mu_enter_wizlab_7,
          grunt_pan_entry_in_and_out, hell_entry,
          lemuel_zombie_altar_kikubaaqudgha, infiniplex_staircase_spiral,
          uniq_sojobo
Depths:3: grunt_double_whammy, layout_cave_pools, enter_ziggurat_a,
          grunt_pan_entry_sceptre, hell_entry, abyss_entry,
          hangedman_decor_peaks_small, uniq_margery
Depths:4: grunt_zot_entry_pinwheel, layout_gridlike, grunt_mini_vestibule,
          serial_rivers, chequers_serial_rivers_micro_b,
          chequers_serial_rivers_large_a, chequers_serial_rivers_large_b,
          chequers_serial_rivers_micro_b, uniq_mennas, uniq_saint_roka,
          uniq_frederick
Hell

Skill      XL: |  1  2  3  4  5  6  7  8  9 10 11 12 13 14 15 16 17 18 19 20 21 22 23 24 25 26 |
---------------+-------------------------------------------------------------------------------+-----
Short Blades   | 2 3 4 6 8 10 | 10.5
Spellcasting   | 2 6 8 12 13 | 13.3
Conjurations   | 1 6 |  6.9
Shields        | 4 |  4.0
Fighting       | 4 5 8 12 13 16 | 16.9
Hexes          | 3 6 11 14 | 14.1
Fire Magic     | 5 |  5.5
Invocations    | 5 8 10 11 | 11.4
Stealth        | 8 11 15 | 15.4
Dodging        | 3 6 8 12 13 17 | 17.4
Summonings     | 5 11 12 14 17 | 17.1
Armour         | 2 4 6 8 |  8.8
Ice Magic      | 4 |  4.1
Evocations     | 7 9 |  9.0
Air Magic      | 5 |  5.8
Throwing       | 5 |  5.6
Translocations | 3 13 | 13.8

Action                   |  1- 3 |  4- 6 |  7- 9 | 10-12 | 13-15 | 16-18 | 19-21 | 22-24 | 25-27 || total
-------------------------+-------+-------+-------+-------+-------+-------+-------+-------+-------++-------
Melee: Dagger            |    30 |    54 |   337 |   771 |  1177 |  1061 |  1127 |  1405 |  1016 ||  6978
       Bite              |     9 |    43 |   125 |   489 |   495 |   583 |   541 |   759 |   608 ||  3652
       Short sword       |    47 |    65 |       |   333 |       |       |       |       |       ||   445
       Quick blade       |       |       |       |       |       |       |       |       |    40 ||    40
Throw: Dart              |       |     1 |     6 |     4 |    22 |     1 |       |       |       ||    34
       Throwing net      |       |       |       |     2 |       |       |       |       |       ||     2
       Javelin           |       |       |       |       |     5 |       |       |       |       ||     5
 Cast: Searing Ray       |       |       |     1 |     1 |       |       |       |       |       ||     2
       Flame Wave        |       |       |       |     9 |     4 |     2 |       |       |       ||    15
       Inner Flame       |       |       |       |     9 |    22 |    30 |    14 |    10 |     1 ||    86
       Animate Armour    |       |       |       |     4 |    67 |    51 |    46 |    62 |    25 ||   255
       Frozen Ramparts   |       |       |       |       |    31 |    45 |    11 |     8 |     3 ||    98
       Ensorcelled Hiber |       |       |       |       |    26 |     3 |       |     7 |       ||    36
       Ozocubu's Armour  |       |       |       |       |     5 |    31 |    11 |    12 |     5 ||    64
       Airstrike         |       |       |       |       |    11 |    22 |    15 |     5 |     4 ||    57
       Apportation       |       |       |       |       |       |     3 |     1 |     3 |    14 ||    21
       Summon Cactus Gia |       |       |       |       |       |    22 |    72 |    92 |    47 ||   233
       Summon Mana Viper |       |       |       |       |       |       |    36 |    26 |     8 ||    70
       Monstrous Menager |       |       |       |       |       |       |    34 |    41 |    30 ||   105
       Malign Gateway    |       |       |       |       |       |       |       |    45 |    48 ||    93
       Passage of Golubr |       |       |       |       |       |       |       |     2 |    20 ||    22
Invok: Shadow Step       |       |       |       |     3 |    19 |     3 |    16 |    19 |     9 ||    69
       Shadow Form       |       |       |       |       |       |       |       |       |     2 ||     2
 Abil: Evoke Blink       |       |       |       |       |     1 |     7 |     2 |     8 |    15 ||    33
       Evoke Invisibilit |       |       |       |       |       |       |       |     1 |       ||     1
       End Transformatio |       |       |       |       |       |       |       |       |     2 ||     2
Evoke: Box of beasts     |       |       |       |     1 |     3 |       |     2 |     1 |     1 ||     8
       Wand              |       |       |       |       |     8 |       |     6 |     6 |     8 ||    28
       Condenser vane    |       |       |       |       |       |     2 |     4 |     6 |     1 ||    13
       Tin of tremorston |       |       |       |       |       |       |       |     1 |     1 ||     2
       Lightning rod     |       |       |       |       |       |       |       |       |     4 ||     4
       Piece from Xom's  |       |       |       |       |       |       |       |       |     2 ||     2
       Phantom mirror    |       |       |       |       |       |       |       |       |     1 ||     1
  Use: Scroll            |       |     3 |     4 |     7 |    22 |    11 |    12 |    15 |    21 ||    95
       Potion            |       |     2 |     1 |     1 |     4 |     2 |       |     4 |     6 ||    20
 Stab: Sleeping          |    13 |     7 |    12 |    19 |    67 |    53 |    74 |    52 |    22 ||   319
       Distracted        |       |     1 |     1 |     6 |     9 |    16 |    30 |    32 |    24 ||   119
       Confused          |       |       |       |       |       |     2 |       |     1 |       ||     3
       Paralysed         |       |       |       |       |       |       |     1 |     1 |       ||     2
       Invisible         |       |       |       |       |       |       |       |     1 |     2 ||     3
Armor: Robe              |    23 |    31 |    29 |       |       |       |       |       |       ||    83
       Steam dragon scal |       |       |    30 |   312 |   234 |   294 |   133 |       |       ||  1003
       Skin              |       |       |    12 |       |       |       |       |       |       ||    12
       Troll leather arm |       |       |       |       |       |       |    27 |   256 |   284 ||   567
Dodge: Dodged            |    28 |    44 |   107 |   387 |   625 |  1062 |   597 |   761 |  1177 ||  4788
Block: Buckler           |       |       |    16 |   201 |   275 |   296 |   175 |   370 |   488 ||  1821

Table legend: (Time is in decaauts)
 A = Elapsed time spent in this place.
 B = Non-inter-level travel time spent in this place.
 C = Inter-level travel time spent in this place.
 D = Time resting spent in this place.
 E = Time spent auto-exploring this place.
 F = Levels seen in this place.
 G = Mean time per level.
                   A        B        C        D        E       F      G
               +--------+--------+--------+--------+--------+-----+--------+
         Total |  53484 |  47853 |   5631 |   3358 |  24273 |  64 |  835.7 |
       Dungeon |  16156 |  14058 |   2098 |    590 |   9573 |  15 | 1077.1 |
        Temple |     91 |     57 |     34 |      0 |     44 |   1 |   91.0 |
          Lair |   6249 |   5361 |    888 |    297 |   3631 |   6 | 1041.5 |
        Shoals |   3534 |   3082 |    452 |    286 |    641 |   4 |  883.5 |
   Spider Nest |      8 |      8 |      0 |      0 |      0 |   1 |    8.0 |
    Slime Pits |   1705 |   1579 |    126 |    381 |    240 |   5 |  341.0 |
  Orcish Mines |   2256 |   1744 |    512 |    107 |   1090 |   2 | 1128.0 |
   Elven Halls |   4056 |   3759 |    297 |    426 |   2026 |   3 | 1352.0 |
        Vaults |   8877 |   8075 |    802 |    477 |   4330 |   5 | 1775.4 |
        Depths |   5611 |   5193 |    418 |    333 |   2623 |   4 | 1402.8 |
          Hell |     43 |     43 |      0 |      0 |      0 |   1 |   43.0 |
   Pandemonium |   4075 |   4075 |      0 |    261 |      0 |  14 |  291.1 |
         Sewer |    149 |    149 |      0 |     28 |     73 |   1 |  149.0 |
       Volcano |    139 |    139 |      0 |      0 |      0 |   1 |  139.0 |
      Gauntlet |    528 |    528 |      0 |    171 |      0 |   1 |  528.0 |
               +--------+--------+--------+--------+--------+-----+--------+

Top non-repeatable levels by time:
Vaults:4: 2168 daAuts
   Orc:2: 2088 daAuts
Depths:4: 1879 daAuts
Vaults:2: 1850 daAuts
Vaults:3: 1735 daAuts
   Elf:3: 1733 daAuts
Vaults:1: 1638 daAuts
  Lair:6: 1561 daAuts
Vaults:5: 1484 daAuts
Depths:2: 1380 daAuts
    D:11: 1337 daAuts
     D:6: 1273 daAuts
   Elf:2: 1253 daAuts
  Lair:1: 1243 daAuts
     D:5: 1232 daAuts
